 Dungeon Crawl Stone Soup version 0.20-a0-959-gdc9e609 (webtiles) character file.

151 Firecrotchwizard the Firebug (level 5, -3/28 HPs)
             Began as a Deep Elf Fire Elementalist on Apr 7, 2017.
             Slain by Sigmund
             ... wielding a +0 scythe
              (9 damage)
             ... on level 3 of the Dungeon.
             The game lasted 00:04:47 (2022 turns).

Firecrotchwizard the Firebug (DEFE)                 Turns: 2022, Time: 00:04:47

Health: -3/28      AC:  3    Str:  5    XL:     5   Next: 11%
Magic:  13/13      EV: 13    Int: 21    God:
Gold:   68         SH:  0    Dex: 15    Spells: 4/12 levels left

rFire    . . .     SeeInvis .   t - +3 quarterstaff (chaos)
rCold    . . .     Gourm    .   (shield currently unavailable)
rNeg     . . .     Faith    .   a - +0 robe
rPois    .         Spirit   .   (no helmet)
rElec    .         Reflect  .   u - +0 cloak
rCorr    .         Harm     .   (no gloves)
MR       .....                  (no boots)
Stlth    +.........             (no amulet)
Regen    0.1/turn               (no ring)
MPRegen  0.2/turn               (no ring)

@: confused
A: no striking features
a: no special abilities


You were on level 3 of the Dungeon.
You were not hungry.

You visited 1 branch of the dungeon, and saw 3 of its levels.

You collected 68 gold pieces.

Inventory:

Hand Weapons
 g - a +0 dagger
 t - a +3 quarterstaff of chaos (weapon)
Armour
 a - a +0 robe (worn)
 u - a +0 cloak (worn)
Scrolls
 d - a scroll of teleportation {unknown}
 h - 3 scrolls of amnesia {unknown}
 j - 2 scrolls of identify {unknown}
 n - 2 scrolls of recharging {unknown}
 o - a scroll of remove curse {unknown}
 q - a scroll of immolation {unknown}
Potions
 e - 3 potions of haste {unknown}
 f - a potion of cancellation {unknown}
 i - a potion of lignification {unknown}
 l - 2 potions of agility {unknown}
 m - a potion of mutation {unknown}
 r - a potion of degeneration {unknown}
Books
 b - a book of Flames

   Spells                             Type                      Level
   a - Flame Tongue                   Conjuration/Fire             1
   b - Throw Flame                    Conjuration/Fire             2
   c - Conjure Flame                  Conjuration/Fire             3
   d - Inner Flame                    Hexes/Fire                   3
   e - Sticky Flame                   Conjuration/Fire             4
   f - Fireball                       Conjuration/Fire             5
Comestibles
 c - 2 bread rations
 k - 3 royal jellies
 p - a meat ration
 s - 4 chunks of flesh


   Skills:
 - Level 2.4 Dodging
 - Level 2.4 Stealth
 + Level 4.1 Spellcasting
 * Level 4.1 Conjurations
 * Level 4.1 Fire Magic


You had 4 spell levels left.
You knew the following spells:

 Your Spells              Type           Power        Failure   Level  Hunger
a - Flame Tongue          Conj/Fire      ###..        1%          1    None
b - Conjure Flame         Conj/Fire      ###.....     10%         3    ###....
c - Sticky Flame          Conj/Fire      ###.....     24%         4    ####...


Dungeon Overview and Level Annotations

Branches:
Dungeon (3/15)

Altars:

Annotations:
D:3 Sigmund


Message History

Sigmund points at you and mumbles some strange words.
You are confused.
Sigmund points at you and mumbles some strange words.
You are more confused.
You bump into the rock wall.
You bump into the rock wall.
You bump into the rock wall.
Sigmund gestures at you while chanting.
You are more confused.
You bump into the rock wall.
You bump into the rock wall.
Sigmund hits you from afar with a scythe!
You bump into the rock wall.
Sigmund hits you from afar with a scythe!
* * * LOW HITPOINT WARNING * * *
Sigmund points at you and mumbles some strange words.
You are more confused.
You bump into the rock wall.
Sigmund hits you with a scythe!
You die...

... #.# #.# #.# #.#
#.# ### ########.##
#.. #(.<.@@...# #.#
#.######..# #.#
#.###.....# #.#
#.##...##.#######.#
+.................####
##.......########.....
#.##.##.# #.#..#
#.##.##.# #.##.#
#.##..#.# #.# .#


You could see Sigmund.

Vanquished Creatures
  Crazy Yiuf (D:2)
  Natasha (thrice) (D:2)
  A gnoll (D:1)
  An adder (D:2)
  A dart slug (D:1)
  A leopard gecko (D:2)
  4 goblins (D:1)
  4 hobgoblins
  A quokka (D:2)
  A ball python (D:1)
  4 bats (D:2)
  6 kobolds
  5 rats (D:1)
33 creatures vanquished.

Notes
Turn   | Place    | Note
-------+----------+-------------------------------------------
     0 | D:1      | Firecrotchwizard the Deep Elf Fire Elementalist began the quest for the Orb.
     0 | D:1      | Reached XP level 1. HP: 10/10 MP: 6/6
   161 | D:1      | Reached XP level 2. HP: 15/15 MP: 4/8
   965 | D:2      | Reached XP level 3. HP: 19/19 MP: 7/9
  1041 | D:2      | Noticed Natasha
  1047 | D:2      | Killed Natasha
  1120 | D:2      | Learned a level 3 spell: Conjure Flame
  1144 | D:2      | Noticed Natasha
  1362 | D:2      | Reached XP level 4. HP: 24/24 MP: 7/11
  1444 | D:2      | Found a runed door.
  1565 | D:2      | Killed Natasha
  1731 | D:2      | Noticed Natasha
  1747 | D:2      | Killed Natasha
  1797 | D:2      | Learned a level 4 spell: Sticky Flame
  1797 | D:2      | Noticed Crazy Yiuf
  1807 | D:2      | Killed Crazy Yiuf
  1807 | D:2      | Reached XP level 5. HP: 17/28 MP: 0/13
  1994 | D:3      | Noticed Sigmund
  2022 | D:3      | Slain by Sigmund

Vault maps used:
D:1:      minmay_arrival_stair_chambers
D:2:      first_bread, kennysheep_boxes, uniq_natasha, uniq_crazy_yiuf_cottage
D:3:      nemelex_xobeh_ov_fountains_minmay, uniq_terence, uniq_sigmund,
          uniq_iyjb

Skill      XL: |  1  2  3  4 |
---------------+-------------+-----
Conjurations   | 2 3 4 |  4.1
Fire Magic     | 4 |  4.1
Spellcasting   | 4 |  4.1
Dodging        | |  2.4
Stealth        | |  2.4

Action                   |  1- 3 |  4- 6 || total
-------------------------+-------+-------++-------
Melee: Dagger            |    15 |       ||    15
 Cast: Flame Tongue      |    41 |    17 ||    58
 Stab: Sleeping          |     1 |       ||     1
  Eat: Chunk             |     1 |     2 ||     3
Armor: Robe              |     5 |       ||     5
Dodge: Dodged            |    13 |     3 ||    16
